Cogmind - Beta 13 @@@ ROGUE MODE // 2024.05.19 @ 16:58:22 Player: Barbarossa Result: Destroyed by S-27 Virus with Autogun Performance ------------- Evolutions (3) 1500 Regions Visited (5) 1000 Robots Destroyed (19) 95 Value Destroyed (400) 400 Prototype IDs (3) 60 Alien Tech Used (0) 0 Bonus (400) 400 TOTAL SCORE: 3455 Bonus ------- Pacifist 200 Entered Garrisons 200 Cogmind --------- Core Integrity 0/700 Matter 288/300 Energy 98/100 System Corruption 0% Temperature Cool (0) Movement Core (50) Location -7/Garrison Parts ------- > --- POWER (2) -------- (None) > --- PROPULSION (4) --- (None) > --- UTILITY (5) ------ (None) > --- WEAPON (2) ------- (None) > --- INVENTORY (5) ---- Compact Matter Pod (0) Hacking Suite Hacking Suite Peak State ------------ > --- POWER ------------ Light Ion Engine Light Ion Engine > --- PROPULSION ------- Cesium-ion Thruster Cesium-ion Thruster Cesium-ion Thruster Cesium-ion Thruster > --- UTILITY ---------- Improved Heat Sink High-capacity Matter Pod Hacking Suite Improved Field Recycling Unit > --- WEAPON ----------- Spread Laser Plasma Cutter > --- INVENTORY -------- Airjet Compact Matter Pod Hacking Suite Hacking Suite Beam Rifle [Rating: 30] Favorites ----------- Power Light Ion Engine Engine Light Ion Engine Propulsion Cesium-ion Thruster Leg Aluminum Leg Wheel Compact Wheel Hover Unit Airjet Flight Unit Cesium-ion Thruster Utility Hacking Suite Device Heat Sink Storage High-capacity Matter Pod Hackware Hacking Suite Weapon Spread Laser Energy Gun Spread Laser Special Weapon Plasma Cutter Build | -11 -10 -9 -8 -7 -7 ------- Run | Yrd Mat Mat Mat Fac Gar Slots Evolved 6 | . . 2 2 2 . Power 1 | . . . 1 . . Propulsion 2 | . . 1 1 . . Utility 3 | . . 1 . 2 . Weapon . | . . . . . . Parts Attached 36 | . . 24 7 3 2 Power 5 | . . 4 1 . . Engine 5 | . . 4 1 . . Core . | . . . . . . Reactor . | . . . . . . Propulsion 14 | . . 8 4 1 1 Treads . | . . . . . . Leg . | . . . . . . Wheel 2 | . . 2 . . . Hover 4 | . . 3 1 . . Flight 8 | . . 3 3 1 1 Utility 7 | . . 4 1 2 . Device 4 | . . 1 1 2 . Storage 2 | . . 2 . . . Processor . | . . . . . . Hackware 1 | . . 1 . . . Protection . | . . . . . . Artifact . | . . . . . . Weapon 10 | . . 8 1 . 1 Energy Gun 9 | . . 8 . . 1 Energy Cannon . | . . . . . . Ballistic Gun . | . . . . . . Ballistic Cannon . | . . . . . . Launcher . | . . . . . . Special Weapon 1 | . . . 1 . . Impact Weapon . | . . . . . . Slashing Weapon . | . . . . . . Piercing Weapon . | . . . . . . Special Melee Weapon . | . . . . . . Unidentified Prototypes 2 | . . 2 . . . Parts Lost 15 | . . 2 . . 13 Power 2 | . . . . . 2 Propulsion 6 | . . 1 . . 5 Utility 3 | . . . . . 3 Weapon 4 | . . 1 . . 3 Highest Loss Streak 13 | . . 1 . . 13 To Critical Strikes 1 | . . . . . 1 Average Slot Usage (%) 69 | . 51 65 93 84 47 Engine 11 | . 14 10 12 15 6 Leg 1 | . 14 . . . . Wheel 4 | . . 9 . . . Hover 4 | . . 10 . . . Flight 14 | . . 2 36 30 16 Device 6 | . . 6 9 8 10 Storage 4 | . 7 4 9 5 . Hackware 4 | . . 4 9 7 3 Energy Gun 12 | . 16 17 9 7 4 Special Weapon 2 | . . . 8 7 3 Naked Turns 19 | . . . . . 19 Heaviest Build 19 | 11 11 19 15 15 12 Greatest Support 32 | 20 20 32 20 15 15 Greatest Overweight (x) 3 | . . 3 2 . 1 Average Overweight (x) . | . . . . . . Largest Inventory Capacity 8 | . 8 5 5 5 5 Average Capacity 5 | . 6 5 5 5 5 Most Carried 6 | . 6 5 5 5 5 Average Carried 4 | . 5 4 4 4 4 Final Capacity 8 | 8 5 5 5 5 5 Final Carried 6 | 6 5 5 5 5 3 Class Distribution -------------------- 55% | Mutant 44% | Sprinter Dominant Class ---------------- Mutant | -10/Materials Mutant | -9/Materials Sprinter | -8/Materials Sprinter | -7/Factory Sprinter | -7/Garrison Resources | -11 -10 -9 -8 -7 -7 ----------- Run | Yrd Mat Mat Mat Fac Gar Matter Collected 487 | 191 . 293 3 . . Remotely . | . . . . . . Salvage Created 434 | . . 394 40 . . Parts 34 | . . 24 9 . 1 Haulers Intercepted 2 | . . 2 . . . Recyclers Shooed . | . . . . . . Parts Field Recycled . | . . . . . . Retrieved Matter . | . . . . . . Parts Self-Destructed . | . . . . . . Prevented . | . . . . . . Kills | -11 -10 -9 -8 -7 -7 ------- Run | Yrd Mat Mat Mat Fac Gar Combat Hostiles Destroyed 16 | . . 11 4 . 1 Guns 16 | . . 11 4 . 1 Classes Destroyed 6 | . . 5 1 . . Hauler 2 | . . 2 . . . Operator 1 | . . . 1 . . Swarmer 9 | . . 4 4 . 1 Grunt 3 | . . 3 . . . Brawler 1 | . . 1 . . . Sentry 3 | . . 3 . . . Best Kill Streak 4 | . . 4 4 . 1 Combat Bots Only 4 | . . 4 4 . 1 Max Kills in Single Turn 2 | . . 2 1 . 1 Gunslinging 1 | . . 1 . . . Exploded . | . . . . . . Melee . | . . . . . . Uniques/NPCs Destroyed . | . . . . . . Combat | -11 -10 -9 -8 -7 -7 -------- Run | Yrd Mat Mat Mat Fac Gar Hostile Shots Fired 195 | . 1 50 21 . 123 Missed 81 | . 1 20 12 . 48 Damage Taken 1588 | . . 395 93 . 1100 Core 817 | . . 100 16 . 701 Absorbed by Shields 142 | . . . . . 142 Core Remaining (%) 93 | 100 100 75 97 . . Volleys Fired 45 | . . 24 11 1 9 Largest 2 | . . 2 1 1 1 Hottest 130 | . . 130 65 65 65 Shots Fired 61 | . . 40 11 1 9 Gun 61 | . . 40 11 1 9 Cannon . | . . . . . . Launcher . | . . . . . . Special . | . . . . . . Kinetic . | . . . . . . Thermal 61 | . . 40 11 1 9 Explosive . | . . . . . . Electromagnetic . | . . . . . . Robot Hit Streak 11 | . . 11 10 2 6 Robot Miss Streak 7 | . . 4 7 3 4 Penetration Max . | . . . . . . Secondary Targets 4 | . . 4 . . . Max Gunslinging Chain 1 | . . 1 . . . Shots Hit Robots 55 | . . 34 11 1 9 Core Hits 74 | . . 46 14 1 13 Critical Kills . | . . . . . . Critical Parts Destroyed . | . . . . . . Critical Strikes . | . . . . . . Melee Attacks . | . . . . . . Impact . | . . . . . . Slashing . | . . . . . . Piercing . | . . . . . . Sneak Attacks . | . . . . . . Combat Hostiles . | . . . . . . Follow-up Attacks . | . . . . . . Damage Inflicted 739 | . . 481 110 8 140 Guns 739 | . . 481 110 8 140 Cannons . | . . . . . . Explosions . | . . . . . . Melee . | . . . . . . Ramming . | . . . . . . Kinetic . | . . . . . . Thermal 739 | . . 481 110 8 140 Explosive . | . . . . . . Electromagnetic . | . . . . . . Impact . | . . . . . . Slashing . | . . . . . . Piercing . | . . . . . . Highest Corruption 2 | . . 2 . . . Average Corruption 2 | . . 2 . . . Corruption Purged . | . . . . . . Corruption Blocked . | . . . . . . Effects 4 | . . 4 . . . Message Errors 1 | . . 1 . . . Matter Fused 2 | . . 2 . . . Data Loss (minor) 1 | . . 1 . . . Overload Shots . | . . . . . . Overflow Damage . | . . . . . . Projectiles . | . . . . . . Explosions . | . . . . . . Melee . | . . . . . . Knockbacks . | . . . . . . Impact . | . . . . . . Kinetic . | . . . . . . Secondary . | . . . . . . Self-Inflicted Damage . | . . . . . . Shots . | . . . . . . Rammed 1 | . . . . . 1 Targets Rammed 1 | . . . . . 1 Kicked . | . . . . . . Crushed . | . . . . . . Highest Temperature 312 | . . 312 32 6 5 Average Temperature 65 | . . 72 17 4 5 Received Heat Transfer 391 | . . 105 18 . 268 Effects 1 | . . 1 . . . Energy Bleed 1 | . . 1 . . . Siege Activations . | . . . . . . Robots Corrupted . | . . . . . . Combat Hostiles . | . . . . . . Parts Fried . | . . . . . . Impact Corruptions . | . . . . . . Robots Melted . | . . . . . . Combat Hostiles . | . . . . . . Parts Melted . | . . . . . . Heat Transferred 854 | . . 629 140 10 75 Parts Sabotaged . | . . . . . . Parts Stolen . | . . . . . . Parts Stripped . | . . . . . . Power Chain Reactions . | . . . . . . Alert | -11 -10 -9 -8 -7 -7 ------- Run | Yrd Mat Mat Mat Fac Gar Peak Influence 324 | . . 324 307 199 139 Initial 146 | . . . 136 146 139 Average 128 | . . 119 206 176 104 Maximum Alert Level 1 | . . 1 1 . . Low Security (%) 86 | . 100 84 53 100 100 Level 1 13 | . . 15 46 . . Level 2 . | . . . . . . Level 3 . | . . . . . . Level 4 . | . . . . . . Level 5 . | . . . . . . High Security . | . . . . . . Max Security . | . . . . . . Squads Dispatched 2 | . . . 1 1 . Investigation 2 | . . . 1 1 . Extermination . | . . . . . . Reinforcement . | . . . . . . Assault . | . . . . . . Garrison . | . . . . . . Intercept . | . . . . . . Searches Triggered . | . . . . . . Construction Impeded . | . . . . . . Haulers Reinforced . | . . . . . . Active Scanning Responses . | . . . . . . Cargo Convoy Interrupts . | . . . . . . Stealth | -11 -10 -9 -8 -7 -7 --------- Run | Yrd Mat Mat Mat Fac Gar Distress Signals 5 | . . 3 2 . . Communications Jammed . | . . . . . . Distress Signals . | . . . . . . Times Spotted 67 | . 2 17 19 3 26 Peak Tracking Total 22 | . . 8 13 3 22 Tactical Retreats 2 | . . 1 1 . . Traps | -11 -10 -9 -8 -7 -7 ------- Run | Yrd Mat Mat Mat Fac Gar Traps Triggered 5 | . . 2 . . 3 Indirectly . | . . . . . . Trap Hack Attempts . | . . . . . . Triggered . | . . . . . . Disarmed . | . . . . . . Reprogrammed . | . . . . . . Reused . | . . . . . . Traps Extracted . | . . . . . . Installed . | . . . . . . Triggered . | . . . . . . Machines | -11 -10 -9 -8 -7 -7 ---------- Run | Yrd Mat Mat Mat Fac Gar Machines Disabled . | . . . . . . Max in Single Turn . | . . . . . . Machines Repaired . | . . . . . . Machines Dismantled . | . . . . . . Machines Sabotaged . | . . . . . . Overloaded Fab Kills . | . . . . . . Hacking | -11 -10 -9 -8 -7 -7 --------- Run | Yrd Mat Mat Mat Fac Gar Machines Accessed 6 | . . . 1 4 1 Terminals 3 | . . . . 2 1 Fabricators 1 | . . . . 1 . Repair Stations . | . . . . . . Recycling Units . | . . . . . . Scanalyzers 1 | . . . 1 . . Garrison Access 1 | . . . . 1 . Total Hacks 16 | . . . 6 9 1 Successful 11 | . . . 6 4 1 Failed 5 | . . . . 5 . Catastrophic 1 | . . . . 1 . Database Lockouts . | . . . . . . Manual 4 | . . . . 4 . Terminals 5 | . . . . 4 1 Fabricators 2 | . . . . 2 . Repair Stations . | . . . . . . Recycling Units . | . . . . . . Scanalyzers 6 | . . . 6 . . Garrison Access 3 | . . . . 3 . Terminal Hacks 2 | . . . . 1 1 Part Schematic 1 | . . . . 1 . Emergency Access Points 1 | . . . . . 1 Fabricator Hacks 1 | . . . . 1 . Load Schematic 1 | . . . . 1 . Repair Station Hacks . | . . . . . . Recycling Unit Hacks . | . . . . . . Scanalyzer 6 | . . . 6 . . Insert Component 3 | . . . 3 . . Analyze 3 | . . . 3 . . Garrison Access Hacks 1 | . . . . 1 . Unlock Access 1 | . . . . 1 . Unauthorized Hacks 1 | . . . . 1 . Terminals 1 | . . . . 1 . Botnet 1 | . . . . 1 . Fabricators . | . . . . . . Repair Stations . | . . . . . . Recycling Units . | . . . . . . Scanalyzers . | . . . . . . Garrison Access . | . . . . . . Data Cores Recovered 1 | . . . 1 . . Used . | . . . . . . Hacking Detections 4 | . . . 1 3 . Full Trace Events 2 | . . . 1 1 . Feedback Events . | . . . . . . Feedback Blocked . | . . . . . . Robot Schematics Acquired . | . . . . . . Robots Built . | . . . . . . Authchips . | . . . . . . Time . | . . . . . . Total Robot Build Rating . | . . . . . . Part Schematics Acquired 4 | . . . 3 1 . Parts Built . | . . . . . . Authchips . | . . . . . . Time . | . . . . . . Total Part Build Rating . | . . . . . . Parts Repaired . | . . . . . . Time . | . . . . . . Parts Recycled . | . . . . . . Recycled Matter . | . . . . . . Retrieved Matter . | . . . . . . Retrieved Components . | . . . . . . Parts Scanalyzed 3 | . . . 3 . . Part Schematics Acquired 3 | . . . 3 . . Parts Damaged . | . . . . . . Bothacking | -11 -10 -9 -8 -7 -7 ------------ Run | Yrd Mat Mat Mat Fac Gar Used RIF Installer . | . . . . . . Robots Hacked . | . . . . . . Non-combat . | . . . . . . Combat . | . . . . . . Robot Hacks Applied . | . . . . . . Relay Couplers Released . | . . . . . . Fabnet Peak Effective % . | . . . . . . Robots Rewired . | . . . . . . Allies Hacked . | . . . . . . Hacks Repelled . | . . . . . . Allies | -11 -10 -9 -8 -7 -7 -------- Run | Yrd Mat Mat Mat Fac Gar Total Allies . | . . . . . . Largest Group . | . . . . . . Highest-Rated Group . | . . . . . . Highest-Rated Ally . | . . . . . . Total Orders . | . . . . . . Ally Attacks . | . . . . . . Total Damage . | . . . . . . Kills . | . . . . . . Allies Corrupted . | . . . . . . Allies Melted . | . . . . . . Intel | -11 -10 -9 -8 -7 -7 ------- Run | Yrd Mat Mat Mat Fac Gar Robot Analysis Total . | . . . . . . Derelict Logs Recovered . | . . . . . . Drone Launches . | . . . . . . Drone Recoveries . | . . . . . . Exploration | -11 -10 -9 -8 -7 -7 ------------- Run | Yrd Mat Mat Mat Fac Gar Turns Passed 651 | . 60 295 94 110 92 Spaces Moved 888 | 1 68 202 166 338 113 Core 111 | . 39 42 . . 30 Treads . | . . . . . . Legs 30 | 1 29 . . . . Wheels 84 | . . 84 . . . Hover 59 | . . 59 . . . Flight 604 | . . 17 166 338 83 Fastest Speed 26 | 120 50 29 26 29 29 Average Speed 45 | 120 79 77 32 29 36 Slowest Speed 275 | 120 120 275 195 29 100 Overloaded Moves . | . . . . . . Propulsion Burnouts . | . . . . . . Robots Hopped 9 | . . . 7 2 . Cave-ins Triggered . | . . . . . . Exploration Rate (%) 17 | 2 21 20 16 9 34 Regions Visited 5 Branch Regions . Pre-discovered Areas . | . . . . . . Known Exits Taken 1 | . . . . 1 . Unknown Exits Taken 4 | 1 1 1 1 . . Scrap Searched . | . . . . . . Spaces Dug . | . . . . . . Terrain Destroyed . | . . . . . . Melee . | . . . . . . Projectile . | . . . . . . AOE . | . . . . . . Terrain Rammed . | . . . . . . Walls Destroyed . | . . . . . . Machines Disabled . | . . . . . . Actions | -11 -10 -9 -8 -7 -7 --------- Run | Yrd Mat Mat Mat Fac Gar Total 1064 | . 77 300 185 347 155 Wait 35 | . . 26 3 3 3 Move 867 | . 67 201 153 333 113 Hop 7 | . . . 5 2 . Pick Up 11 | . 2 7 1 1 . Fast Attach 21 | . . 16 3 2 . Attach 7 | . . 4 1 . 2 Detach 4 | . 1 2 1 . . Swap 8 | . . 4 3 1 . Drop 30 | . 7 16 3 4 . Fire 45 | . . 24 11 1 9 Melee . | . . . . . . Ram 1 | . . . . . 1 Kick . | . . . . . . Crush . | . . . . . . Escape Stasis 27 | . . . . . 27 Rewire . | . . . . . . Trap . | . . . . . . Miscellaneous 1 | . . . 1 . . Route ------- -11/Scrapyard -10/Materials -9/Materials -8/Materials -7/Factory -7/Garrison History --------- Turn | Location | Event 1 | -11/Scrapyard | Discovered new exit (range 0) 1 | -11/Scrapyard | Entered Materials 59 | -10/Materials | Discovered new exit (range 5) 61 | -10/Materials | Entered another Materials area 61 | -9/Materials | Evolved 2 slots: Propulsion x1, Utility x1 215 | -9/Materials | Discovered new exit (range 16) 316 | -9/Materials | Build established: Mutant 356 | -9/Materials | Entered another Materials area 356 | -8/Materials | Evolved 2 slots: Power x1, Propulsion x1 448 | -8/Materials | Discovered new exit (range 5) 450 | -8/Materials | Entered Factory 450 | -7/Factory | Evolved 2 slots: Utility x2 555 | -7/Factory | Identified exit to Garrison 560 | -7/Factory | Entered Garrison 584 | -7/Garrison | Triggered checkpoint 628 | -7/Garrison | Triggered checkpoint 636 | -7/Garrison | Core integrity fell below 50% 648 | -7/Garrison | Core integrity fell below 20% 652 | -7/Garrison | Triggered checkpoint 652 | -7/Garrison | Destroyed by S-27 Virus with Autogun Last Messages --------------- area. 00632_ Field strength at 95. 00633_ Field strength at 86. 00633_ Cesium-ion Thruster destroyed. 00634_ Critical hit (Burn: +27). 00634_ Field strength at 66. 00635_ Field strength at 55. 00636_ Field strength at 41. 00637_ Field strength at 21. 00638_ Field strength at 7. 00638_ Stasis field depleted. 00638_ Critical hit (Burn: +37). 00643_ Connecting with Garrison Terminal... >>Access(Emergency) Found 62 emergency access points. Map updated. 00647_ C-17 Slicer knocked back. 00648_ Knocked back. 00652_ Beams of light sweep through the air. An alarm sounds. Map ----- +----------------------------------------------------+ | ?????????????????????????????????????????????????? | | ?????????????????????????????????????????????????? | | ?????????????????????????????????????????????????? | | ?????????????????????????????????????????????????? | | ?????????????????????????????????????????????????? | | ?????????????????????????????????????????????????? | | ?????????????????????????????????????????????????? | | ?????????????????????????????????????????????????? | | ?????????????????????????????????????????????????? | | ?????????????????????????????????????????????????? | | ?????????????????????????????????????????????????? | | ?????????????????????????????????????????????????? | | ???????????????????+?????+???????????????????????? | | ???????????????????+?????+???????????????????????? | | ?????????????????????+?+?????????????????????????? | | ?????????????????????????????????????????????????? | | ?????????????????????????????????????????????????? | | ?????????????????????????????????????????????????? | | ?????????????????????+?+?????????????????????????? | | ?????????????????????????????????????????????????? | | ?????????????????????????????????????????????????? | | ??????????????????????????####???????????????????? | | ?????????????????????????? s #???????????????????? | | ?????????????????????#+###ss ##### #???????????? | | ?????????????????????# #??????????? | | ?????????????????????#cc @ #??????????? | | ?????????????????????# ############++???????????? | | ?????????????????????# #????????????????????????? | | ?????????????????????# #????????????????????????? | | ???????????########### ############++#######????? | | ???????? #????? | | ???????? #????? | | ???????? #????? | | ?????????############## ###########T#+### #????? | | ??????????????????????# #?????????###???# #????? | | ??????????????????????# #???????????????# ^^#????? | | ??????????????????????# #???????????????# #????? | | ??????????????????????# #???????????????# #??### | | ??????????????????????# ???????????????# #? | | ??????????????????????###???????????????# ## | | ????????????????????????????????????????# | | ????????????????????????????????????????+ | | ????????????????????????????????????????# | | ????????????????????????????????????????# ## | | ??????????????????????????????????????### ## | | ??????????????????????????????????????# | | ??????????????????????????????????????#" | | ??????????????????????????????????????#%" | | ??????????????????????????????????????#" | | ??????????????????????????????????????### ## | +----------------------------------------------------+ Best States ------------- Heat Dissipation 48 Energy Generation 15 Energy Capacity 280 Matter Stores 340 Matter Capacity 500 Sight Range 16 Robot Scan Range 15 Terrain Scan Density 10 Evasion (%) 64 Offensive Hacking 10 Item Schematics ----------------- Cesium-ion Thruster | -8/Materials | Scanalyzed Com. Matter Pod | -8/Materials | Scanalyzed Beam Rifle | -8/Materials | Scanalyzed Prc. Beam Rifle | -7/Factory | Hacked Robot Schematics ------------------ None Fabricated ------------ Nothing Alien Tech Used ----------------- None Achievements -------------- None Challenges ------------ None Game ------ Seed RefineryBottomlessDetonator Manual? 0 Play Time 00:12:07 Cumulative 177.8 hours Start 2024.05.19 @ 16:46:36 End 2024.05.19 @ 16:58:22 Sessions 1 Manual Loads 0 Difficulty Rogue Special Mode None Game No. 331 Rogue 331 Adventurer 0 Explorer 0 Win Type - Total 0 Types 0/0/0/0/0/0/0/0/0 Lore% 41 Gallery% 54 Achievement% 39 Wizard Run 0 Options --------- Layout 1 ASCII 0 Keyboard 0 Movement Mouse Keybinds 0 Fullscreen 1 Font 24/Smallcaps Map View 50x40 Zoom Use 0% Tactical HUD 1 Map Filters NONE Filters NONE Steam 1 RUN: 99a3b63a-ac80-4242-a484-9635e935a153